 Dungeon Crawl Stone Soup version 0.22.1-2-g9c5b331 (webtiles) character file.

500 whitewolfNL the Cudgeler (level 6, -3/53 HPs)
             Began as a Minotaur Berserker on Dec 4, 2018.
             Was a Priest of Trog.
             Killed by divine providence
             ... invoked by an orc priest
              (12 damage)
             ... on level 4 of the Dungeon.
             The game lasted 00:11:59 (3210 turns).

whitewolfNL the Cudgeler (Minotaur Berserker)       Turns: 3210, Time: 00:11:59

Health: -3/53      AC: 10    Str: 21    XL:     6   Next: 94%
Magic:  6/6        EV:  9    Int:  5    God:    Trog [***...]
Gold:   216        SH:  0    Dex: 11    Spells: 5/5 levels left

rFire    . . .     SeeInvis .   u - +0 flail
rCold    + . .     Gourm    .   (no shield)
rNeg     . . .     Faith    .   v - +0 chain mail
rPois    .         Spirit   .   (helmet restricted)
rElec    .         Reflect  .   (no cloak)
rCorr    .         Harm     .   w - +0 pair of gloves
MR       .....                  (no boots)
Stlth    ..........             (no amulet)
HPRegen  0.17/turn              o - ring of ice
MPRegen  0.10/turn              s - ring of protection from fire

@: no status effects
A: retaliatory headbutt, horns 2
a: Berserk, Trog's Hand, Renounce Religion


You were on level 4 of the Dungeon.
You worshipped Trog.
Trog was most pleased with you.
You were not hungry.

You visited 1 branch of the dungeon, and saw 4 of its levels.

You collected 216 gold pieces.

Inventory:

Hand Weapons
 u - a +0 flail (weapon)
Missiles
 b - 33 poisoned needles
 e - 27 arrows
 p - 54 sling bullets
 t - 8 poisoned tomahawks (quivered)
Armour
 v - a +0 chain mail (worn)
 w - a +0 pair of gloves (worn)
Jewellery
 o - a ring of ice (left hand)
 s - a ring of protection from fire (right hand)
 x - a +2 ring of strength {unknown}
 y - an uncursed ring of magical power {unknown}
Wands
 a - a wand of iceblast (13)
 r - a wand of random effects (24)
Scrolls
 f - 3 scrolls of remove curse {unknown}
 g - 2 scrolls of enchant armour {unknown}
 h - a scroll of random uselessness {unknown}
 l - 5 scrolls of identify {unknown}
 q - 4 scrolls of teleportation {unknown}
Potions
 i - 4 potions of curing {unknown}
 j - a potion of agility {unknown}
 k - a potion of degeneration {unknown}
 m - 2 potions of berserk rage {unknown}
 n - 2 potions of brilliance {unknown}
Comestibles
 c - 4 rations
 d - 2 chunks of flesh


   Skills:
 + Level 4.4 Fighting
 * Level 6.6 Maces & Flails
 * Level 4.1 Armour
 * Level 3.8 Dodging
 * Level 1.8 Stealth
 * Level 1.6 Evocations


You had 5 spell levels left.
You didn't know any spells.
Your spell library was empty.

Dungeon Overview and Level Annotations

Branches:
Dungeon (4/15)
 Temple: D:4-7

Altars:
Ashenzari
Cheibriados
Elyvilon
Makhleb
Xom
Zin
The Shining One


Innate Abilities, Weirdness & Mutations

You reflexively headbutt those who attack you in melee.
You have a pair of horns on your head.


Message History

The crimson imp blinks!
The iguana hisses menacingly.
The orc priest calls down the wrath of Beogh upon you.
Pain shoots through your body!
* * * LOW HITPOINT WARNING * * *
The iguana closely misses you. The orc barely misses you.
The crimson imp puffs mist at you.
The crimson imp blinks!
The orc priest calls upon Beogh to heal the orc.
The orc's wounds heal themselves!
There is an open door here.
You recover from your berserk rage.
There is an open door here.
You open the door. The orc closely misses you.
The orc priest begins to cast a cantrip, but forgets the words!
There is an open door here.
The orc priest mumbles some strange prayers to Beogh against you.
Beogh smites you!
You die...

#...##.#...#.......#...#........
#...#..#####.......#####.....)..
#.....o...#...o.....#.........#.
#>..##ol..#⌠.#o'##.⌠#......#####
#...##o...####...#.##....###
#...##..#..5.#...#.....#.#
#####...#.#..#l..#.......#####
...(......#o#..............
............@................
......##.#..#.................
..$....#....#<.................
................................
...###.................. ...
#.#................ ##
#.#.......[........
#...#.............#
#...#....###.######


You could see an iguana, 2 orc priests, a crimson imp and an orc.

Vanquished Creatures
  Blork the orc (D:4)
  3 crimson imps (D:3)
  2 hounds
  Jessica (D:2)
  Terence (D:2)
  An iguana (D:4)
  Robin (D:2)
  5 adders
  An ooze (D:3)
  An adder skeleton (D:4)
  5 worms
  6 dart slugs
  3 leopard geckos
  6 orcs
  3 ball pythons
  5 bats
  6 giant cockroaches
  16 goblins
  13 hobgoblins
  4 kobolds
  2 quokkas
  5 frilled lizards
  10 rats
101 creatures vanquished.

Notes
Turn   | Place    | Note
-------+----------+-------------------------------------------
     0 | D:1      | whitewolfNL the Minotaur Berserker began the quest for the
                  | Orb.
     0 | D:1      | Reached XP level 1. HP: 19/19 MP: 0/0
   196 | D:1      | Reached skill level 4 in Maces & Flails
   196 | D:1      | Reached XP level 2. HP: 20/27 MP: 1/1
   606 | D:1      | Reached XP level 3. HP: 18/33 MP: 2/2
   870 | D:2      | Noticed Terence
   876 | D:2      | Killed Terence
   941 | D:2      | Reached XP level 4. HP: 39/40 MP: 3/3
  1049 | D:2      | Reached ** piety under Trog
  1052 | D:2      | Reached skill level 5 in Maces & Flails
  1052 | D:2      | Reached skill level 1 in Stealth
  1168 | D:2      | Reached XP level 5. HP: 44/46 MP: 4/4
  1273 | D:2      | Noticed Jessica
  1277 | D:2      | Killed Jessica
  1327 | D:2      | Noticed Robin
  1331 | D:2      | Killed Robin
  1576 | D:2      | Found a snail-covered altar of Cheibriados.
  1576 | D:2      | Found a burning altar of Makhleb.
  2289 | D:3      | Reached skill level 1 in Evocations
  2293 | D:3      | Reached *** piety under Trog
  2639 | D:3      | Found a shimmering altar of Xom.
  2744 | D:3      | Reached skill level 6 in Maces & Flails
  2744 | D:3      | Reached XP level 6. HP: 52/52 MP: 5/5
  2860 | D:4      | Noticed Blork the orc
  2876 | D:4      | Killed Blork the orc
  2939 | D:4      | Found a shattered altar of Ashenzari.
  3162 | D:4      | Found a glowing golden altar of the Shining One.
  3162 | D:4      | Found a white marble altar of Elyvilon.
  3162 | D:4      | Found a glowing silver altar of Zin.
  3210 | D:4      | Killed from afar by an orc priest

Skill      XL: |  1  2  3  4  5  6 |
---------------+-------------------+-----
Maces & Flails | 4 5 6 |  6.6
Fighting       | 4 |  4.4
Dodging        | 3 |  3.8
Stealth        | 1 |  1.8
Armour         | 3 4 |  4.1
Evocations     | 1 |  1.6

Action                   |  1- 3 |  4- 6 || total
-------------------------+-------+-------++-------
Melee: Mace              |    55 |       ||    55
       Headbutt          |     6 |    19 ||    25
       Flail             |     9 |   156 ||   165
Invok: Berserk           |     2 |     5 ||     7
 Stab: Sleeping          |     1 |       ||     1
  Eat: Chunk             |     2 |    12 ||    14
Armor: Animal skin       |    15 |       ||    15
       Scale mail        |     7 |    19 ||    26
       Chain mail        |       |    62 ||    62
Dodge: Dodged            |    56 |    69 ||   125
